 Dungeon Crawl Stone Soup version 0.30-a0-964-gd452b5e7fa (webtiles) character file.

Game seed: 3648376337961929980

10728 kae the Fighter (level 11, -12/107 HPs)
             Began as a Minotaur Fighter on Mar 30, 2023.
             Was an Elder of Makhleb.
             Killed from afar by a molten gargoyle (31 damage)
             ... with a bolt of magma
             ... in a volcano.
             The game lasted 00:09:08 (10694 turns).

kae the Fighter (Minotaur Fighter)                 Turns: 10694, Time: 00:09:09

Health: -12/107    AC: 13    Str: 32    XL:     11   Next: 40%
Magic:  18/18      EV:  9    Int:  5    God:    Makhleb [****..]
Gold:   1645       SH:  5    Dex:  9    Spells: 10/10 levels left

rFire   . . .      SeeInvis .    o - +0 demon whip (elec)
rCold   . . .      Faith    .    c - +1 buckler
rNeg    . . .      Spirit   .    b - +0 scale mail
rPois   .          Reflect  .    (helmet restricted)
rElec   .          Rampage  .    u - +2 cloak
rCorr   +                        (no gloves)
Will    .....                    v - +2 pair of boots Stlth
                                 A - amulet of the acrobat
HPRegen 0.37/turn                S - +6 ring of strength
MPRegen 0.16/turn                R - ring of resist corrosion

@: no status effects
A: horns 2, retaliatory headbutt
a: Renounce Religion, Minor Destruction, Lesser Servant of Makhleb, Major
Destruction


You were in a volcano.
You worshipped Makhleb.
Makhleb was greatly pleased with you.
You visited 3 branches of the dungeon, and saw 12 of its levels.
You also visited: Volcano.

You collected 1765 gold pieces.
You spent 120 gold pieces at shops.


Innate Abilities, Weirdness & Mutations

You have a pair of horns on your head.
You reflexively headbutt those who attack you in melee.


   Skills:
 + Level 13.3 Fighting
 - Level 12.0 Maces & Flails
 - Level 3.6 Armour
 - Level 3.6 Shields
 + Level 10.8 Invocations


You had 10 spell levels left.
You didn't know any spells.
Your spell library contained the following spells:

 Spells                   Type           Power      Damage    Failure   Level
 Apportation              Tloc           0%         N/A       80%         1
 Necrotise                Necr           0%         1d4       80%         1
 Summon Small Mammal      Summ           0%         N/A       80%         1
 Inner Flame              Hex/Fire       0%         N/A       99%         3
 Flame Wave               Conj/Fire      0%         2d4       100%        4
 Sticky Flame             Conj/Fire      0%         2d3       100%        4
 Alistair's Intoxication  Tmut/Pois      0%         N/A       100%        5

Inventory:

Hand Weapons
 a - a +1 heavy flail
 o - a +0 demon whip of electrocution (weapon)
   (You found it on level 3 of the Dungeon)
Missiles
 g - 119 stones (quivered)
 h - 13 boomerangs
 t - 34 poisoned darts
 C - a curare-tipped dart {=f}
 G - 3 throwing nets {=f!f}
Armour
 b - a +0 scale mail (worn)
 c - a +1 buckler (worn)
 u - a +2 cloak (worn)
   (You found it on level 3 of the Dungeon)
 v - a +2 pair of boots (worn)
   (You found it on level 2 of the Dungeon)
Jewellery
 w - a ring of magical power
   (You found it on level 9 of the Dungeon)
 A - an amulet of the acrobat (around neck)
   (You found it on level 8 of the Dungeon)
 R - a ring of resist corrosion (right hand)
   (You found it on level 2 of the Dungeon)
 S - a +6 ring of strength (left hand)
   (You found it on level 1 of the Dungeon)
 W - a ring of magical power
   (You found it on level 4 of the Dungeon)
Wands
 i - a wand of polymorph (6)
   (You took it off Terence on level 3 of the Dungeon)
 D - a wand of paralysis (12)
   (You found it on level 6 of the Dungeon)
 H - a wand of digging (3)
   (You took it off Maurice on level 9 of the Dungeon)
 I - a wand of flame (6)
   (You found it on level 10 of the Dungeon)
Scrolls
 j - 3 scrolls of vulnerability {!r!r}
 k - 3 scrolls of teleportation {@r4}
 l - 4 scrolls of poison {!r}
 q - 3 scrolls of immolation {!r!r}
 s - a scroll of summoning
 F - 2 scrolls of fear
Potions
 d - 3 potions of might
 e - 5 potions of curing {@q1}
 f - 2 potions of flight
 m - 4 potions of degeneration {!q}
 p - 3 potions of ambrosia
 r - a potion of heal wounds {@q2}
 x - 3 potions of attraction {!q}
 z - 2 potions of brilliance {unknown}
 B - 2 potions of resistance
 E - 3 potions of lignification {!q}
 J - a potion of cancellation {unknown}

Dungeon Overview and Level Annotations

Branches:
Dungeon (10/15) Zot: 25997  Temple (1/1) D:4 Zot: 5755    Lair (1/5) D:8 Zot: 5929
    Orc (0/2) D:10        Volcano (1/1) Zot: 5593

Altars:
Ashenzari
Cheibriados
Dithmenos
Elyvilon
Fedhas
Gozag
Hepliaklqana
Kikubaaqudgha
Makhleb
Nemelex Xobeh
Okawaru
Qazlal
Ru
Sif Muna
Trog
Uskayaw
Vehumet
Wu Jian
Xom
Yredelemnul
Zin
The Shining One

Shops:
D:4 *

Annotations:
D:3 Grinder
D:8 1 runed translucent door, tilp's ghost, novice MeFE
D:9 1 runed translucent door, Dirtsage's ghost, novice DsBe

#########.....###############
.........8...8............~~#
...........โŒ
..............~~#
#########.....##########..###
#.....# ###### #..# #8...8#
#.##.# #).#
#########'##'###..#
#...4......)..#
#..9@......)..#
##')############ #..).#
#.#...# #~~~#..# #~~~~##..
#~~~~ #9.. #~~~~~ ##. #ยง~~~~


You could see a molten gargoyle (ally target) and a friendly hellwing
(summoned).


Message History

๐Ÿ˜ฎ HP[-21]
You take 21 damage, and now have 78/107 hp.
You barely miss the molten gargoyle. You hit the molten gargoyle.
You headbutt the molten gargoyle, but do no damage.
The molten gargoyle closely misses you. ๐Ÿ˜ฎ HP[+1]
You hit the molten gargoyle.
Your headbutt misses the molten gargoyle.
Unknown command.
You whack the molten gargoyle!
You destroy the molten gargoyle!
Makhleb accepts your kill.
You feel better. ๐Ÿ˜• HP[+4]
You regained 4 hp, and now have 83/107 hp.
Unknown command.
An orc knight comes into view.
It is wielding a +0 dire flail of flaming and wearing a +1 chain mail of fire resistance.
The orc knight shouts!
You hear a shout!
You see here a +0 mace.
There is a large open door here. ๐Ÿ˜• HP[+1] ๐Ÿ˜• HP[+1]
You start resting. ๐Ÿ˜• HP[+1] MP[+1]
Your mp is fully restored (18).
You start resting.
An orc knight is nearby! ๐Ÿ˜• HP[+1]
You hit the orc knight but do no damage.
Lightning courses through the orc knight!
You block the orc knight's attack.
You barely miss the orc knight. Your headbutt misses the orc knight.
You completely miss the orc knight. Your headbutt misses the orc knight.
You block the orc knight's attack.
You barely miss the orc knight. Your headbutt misses the orc knight.
The orc knight hits you with a +0 dire flail of flaming!
The orc knight burns you. ๐Ÿ˜ฎ HP[-8]
You take 8 damage, and now have 79/107 hp.
You thrash the orc knight!! You barely miss the orc knight.
The orc knight hits you with a +0 dire flail of flaming!
The orc knight burns you.
You are too injured to fight recklessly! ๐Ÿ˜ฎ HP[-21]
You take 21 damage, and now have 58/107 hp.
You hit the orc knight but do no damage.
You are too injured to fight recklessly!
You are too injured to fight recklessly!
You barely miss the orc knight. The orc knight closely misses you.
You furiously retaliate!
You headbutt the orc knight! ๐Ÿ˜ฎ HP[+1]
You are too injured to fight recklessly!
You are too injured to fight recklessly!
You thrash the orc knight!! Your headbutt misses the orc knight.
Unknown command.
You hit the orc knight.
Lightning courses through the orc knight!
You kill the orc knight!
Makhleb accepts your kill.
A molten gargoyle comes into view. It is wielding a +0 mace.
There is a large open door, spattered with blood here.
Things that are here:
a +0 dire flail of flaming; a +1 chain mail of fire resistance; an orc corpse ๐Ÿ˜ฎ HP[+1]
You start resting.
A molten gargoyle is nearby! ๐Ÿ˜ฎ HP[+1]
A demon appears! ๐Ÿ˜ฎ HP[-3]
You take 3 damage, and now have 58/107 hp.
You closely miss the molten gargoyle.
You headbutt the molten gargoyle, but do no damage.
The molten gargoyle blasts magma at you!
The bolt of magma hits you!
* * * LOW HITPOINT WARNING * * *
๐Ÿ˜จ HP[-17]
You take 17 damage, and now have 41/107 hp.
You barely miss the molten gargoyle.
Unknown command.
You barely miss the molten gargoyle. You block the molten gargoyle's attack.
You hit the molten gargoyle but do no damage.
You headbutt the molten gargoyle, but do no damage.
Unknown command.
You whack the molten gargoyle!
Your headbutt misses the molten gargoyle.
The molten gargoyle hits you with a +0 mace!
* * * LOW HITPOINT WARNING * * *
You are engulfed in flames!
* * * LOW HITPOINT WARNING * * *
๐Ÿ˜ฑ HP[-22]
You take 22 damage, and now have 19/107 hp.
MASSIVE DAMAGE!! (PAUSE)
You closely miss the molten gargoyle. Your hellwing hits the molten gargoyle.
Your hellwing hits the molten gargoyle but does no damage.
You hit the molten gargoyle but do no damage.
The molten gargoyle blasts magma at you!
The bolt of magma hits you!!
You die...

Skill      XL: |  1  2  3  4  5  6  7  8  9 10 11 |
---------------+----------------------------------+-----
Maces & Flails | 3 4 5 6 7 9 11 12 | 12.0
Fighting       | 6 9 12 13 | 13.3
Invocations    | 4 7 9 10 | 10.8
Armour         | |  3.6
Shields        | |  3.6

Action                     |  1- 3 |  4- 6 |  7- 9 | 10-12 || total
---------------------------+-------+-------+-------+-------++-------
  Melee: Flail             |    57 |       |       |       ||    57
         Headbutt          |     4 |    21 |    35 |    59 ||   119
         Demon whip        |     2 |   115 |   176 |   319 ||   612
 Invoke: Lesser Servant of |       |       |       |     4 ||     4
  Evoke: Wand              |       |       |     5 |       ||     5
    Use: Scroll            |     5 |     8 |     5 |     6 ||    24
         Potion            |       |       |       |     5 ||     5
 Armour: Scale mail        |    23 |    45 |    50 |    95 ||   213
  Dodge: Dodged            |    31 |    37 |    47 |   112 ||   227
  Block: Buckler           |    19 |    15 |    15 |    47 ||    96

Levels and vault maps discovered:
D:1:      shiori_arrival_oz, layout_rooms
D:2:      layout_rooms
D:3:      layout_basic, mainiacjoe_overflow_cross_hatched, feat_on_display,
          uniq_grinder, uniq_terence
D:4:      layout_cave_pods, tgw_kikubaaqudgha, temple_pool_b, serial_shops,
          nicolae_shop_overgrown_old_shop, serial_bayou_pond_a,
          kennysheep_generic_room_4, uniq_crazy_yiuf_cottage
D:5:      layout_loops_cross, minmay_fractal_squares_diagonal_5, uniq_duvessa
D:6:      kennysheep_big_flooded_room, layout_gridville, lemuel_tele_altar,
          nicolae_ru_sacrificial_ziggurat, gammafunk_temple_overflow_wave,
          uniq_pikel, uniq_sigmund
D:7:      layout_basic, mainiacjoe_overflow_large_starburst, serial_demonic,
          serial_demonic_e, serial_demonic_e, serial_demonic_c,
          serial_demonic_e, serial_demonic_c, serial_demonic_a,
          serial_bayou_lagoon_b
D:8:      layout_loops_corners, hellmonk_lair_entry_icy, hellmonk_ghost_big_iron
D:9:      layout_irregular_city, ebering_ghost_xom, uniq_maurice
D:10:     layout_layer_cave, erik_orc_4, kennysheep_cross_bottleneck
Temple:   eino_temple_water
Lair:1:   layout_chaotic_city, nicolae_volcano_entry_s_turn,
          nzn_masters_of_martial_movement
Volcano:  hellmonk_zot_springs

Notes
Turn   | Place    | Note
-------+----------+-------------------------------------------
     0 | D:1      | kae the Minotaur Fighter began the quest for the Orb.
     0 | D:1      | Reached XP level 1. HP: 19/19 MP: 0/0
     0 | D:1      | magus.rc [v1.11.3]
    79 | D:1      | Reached skill level 3 in Maces & Flails
   107 | D:1      | Reached XP level 2. HP: 26/26 MP: 1/1
   368 | D:1      | Reached skill level 4 in Maces & Flails
   455 | D:2      | You fall into a shaft and drop 1 floor!
   464 | D:3      | Found a broken altar of Ashenzari.
   464 | D:3      | Noticed Terence
   473 | D:3      | Reached XP level 3. HP: 28/31 MP: 2/2
   476 | D:3      | Killed Terence
   477 | D:3      | Reached skill level 5 in Maces & Flails
   757 | D:3      | Reached XP level 4. HP: 39/39 MP: 3/3
   940 | D:3      | Noticed Grinder
  1240 | D:2      | Reached skill level 6 in Maces & Flails
  1431 | D:3      | Reached XP level 5. HP: 44/45 MP: 4/4
  1518 | D:3      | You pick up a book of Party Tricks and begin reading...
  1518 | D:3      | You add the spells Apportation and Alistair's Intoxication
                  | to your library.
  1652 | D:4      | Noticed an ice beast
  1659 | D:4      | Killed an ice beast
  1660 | D:4      | Reached skill level 7 in Maces & Flails
  1754 | D:4      | You pick up a book of Flames and begin reading...
  1754 | D:4      | You add the spells Inner Flame, Sticky Flame and Flame Wave
                  | to your library.
  1803 | D:4      | Reached XP level 6. HP: 51/51 MP: 5/5
  1936 | D:4      | Found a staircase to the Ecumenical Temple.
  2019 | D:4      | Found Zijoufudd's Assorted Antiques.
  2037 | Temple   | Entered the Ecumenical Temple
  2270 | Temple   | Became a worshipper of Makhleb the Destroyer
  2306 | D:4      | Bought a scroll labelled LUCUSI EHALEE for 32 gold pieces
  2306 | D:4      | Bought a scroll labelled NULITY KOTIA for 32 gold pieces
  2306 | D:4      | Bought a fuming coppery potion for 28 gold pieces
  2306 | D:4      | Bought a lumpy orange potion for 28 gold pieces
  2343 | D:4      | Found an ancient bone altar of Kikubaaqudgha.
  2343 | D:4      | Noticed a human
  2348 | D:4      | Reached skill level 8 in Maces & Flails
  2350 | D:4      | Killed a human
  2598 | D:4      | Found a runed translucent door.
  2599 | D:4      | Noticed Crazy Yiuf
  2823 | D:4      | Killed Crazy Yiuf
  2857 | D:5      | Entered Level 5 of the Dungeon
  2941 | D:5      | Reached skill level 9 in Maces & Flails
  2951 | D:5      | Reached XP level 7. HP: 54/57 MP: 6/6
  2960 | D:5      | Reached skill level 10 in Maces & Flails
  2990 | D:5      | Noticed Duvessa
  2999 | D:5      | HP: 14/57 [Duvessa/+2 short sword of flaming (9)]
  3000 | D:5      | Killed Duvessa
  3168 | D:5      | Noticed Dowan
  3179 | D:5      | Killed Dowan
  3272 | D:5      | Reached skill level 11 in Maces & Flails
  3278 | D:5      | Reached XP level 8. HP: 52/64 MP: 7/7
  3394 | D:5      | Reached * piety under Makhleb
  3467 | D:5      | You pick up a book of Cantrips and begin reading...
  3467 | D:5      | You add the spells Necrotise and Summon Small Mammal to
                  | your library.
  3665 | D:5      | Reached skill level 12 in Maces & Flails
  3970 | D:6      | Reached skill level 4 in Fighting
  3970 | D:6      | Reached skill level 1 in Invocations
  4003 | D:6      | Found a sacrificial altar of Ru.
  4004 | D:6      | Found a stormy altar of Qazlal.
  4258 | D:6      | Reached skill level 5 in Fighting
  4258 | D:6      | Reached skill level 2 in Invocations
  4365 | D:6      | Reached skill level 3 in Invocations
  4375 | D:6      | Noticed a white ugly thing
  4382 | D:6      | Killed a white ugly thing
  4383 | D:6      | Reached skill level 6 in Fighting
  4383 | D:6      | Reached skill level 4 in Invocations
  4383 | D:6      | Reached XP level 9. HP: 35/78 MP: 9/11
  4692 | D:6      | Found a shimmering altar of Xom.
  4692 | D:6      | Found a basalt altar of Yredelemnul.
  4746 | D:6      | Noticed Pikel
  4755 | D:6      | Killed Pikel
  4756 | D:6      | Reached skill level 7 in Fighting
  4756 | D:6      | Reached skill level 5 in Invocations
  4949 | D:6      | Noticed Sigmund
  4954 | D:6      | Killed Sigmund
  4955 | D:6      | Reached skill level 8 in Fighting
  5037 | D:6      | Reached skill level 6 in Invocations
  5283 | D:7      | Reached skill level 9 in Fighting
  5891 | D:7      | Reached skill level 7 in Invocations
  6043 | D:7      | Reached ** piety under Makhleb
  6280 | D:7      | Found an iron altar of Okawaru.
  6280 | D:7      | Found an ornate altar of the Wu Jian Council.
  6358 | D:7      | Reached XP level 10. HP: 91/91 MP: 14/14
  7050 | D:8      | Noticed tilp's ghost (novice MeFE)
  7078 | D:8      | Found a runed translucent door.
  7157 | D:8      | Reached skill level 10 in Fighting
  7174 | D:8      | Reached skill level 8 in Invocations
  7255 | D:8      | Found a staircase to the Lair.
  8181 | D:8      | Identified a scroll of acquirement
  8181 | D:8      | Acquired 1153 gold pieces
  8308 | D:9      | Reached *** piety under Makhleb
  8358 | D:9      | Reached skill level 11 in Fighting
  8635 | D:9      | Found a runed translucent door.
  8636 | D:9      | Found a shimmering altar of Xom.
  8636 | D:9      | Noticed Dirtsage's ghost (novice DsBe)
  8636 | D:9      | Noticed a +2 mace of chaos
  8674 | D:9      | Reached skill level 9 in Invocations
  8944 | D:9      | Noticed Maurice
  8956 | D:9      | Killed Maurice
  9155 | D:10     | Entered Level 10 of the Dungeon
  9274 | D:10     | Noticed a gargoyle
  9285 | D:10     | Killed a gargoyle
  9286 | D:10     | Reached skill level 12 in Fighting
  9340 | D:10     | Found a staircase to the Orcish Mines.
  9373 | D:10     | Reached XP level 11. HP: 57/104 MP: 17/17
  9417 | D:10     | Reached **** piety under Makhleb
  9430 | D:10     | Reached skill level 10 in Invocations
  9876 | D:10     | Paralysed by a hornet for 2 turns
 10195 | Lair:1   | Entered Level 1 of the Lair of Beasts
 10261 | Lair:1   | Found a dark tunnel.
 10268 | Volcano  | Entered a volcano
 10388 | Volcano  | HP: 15/106 [salamander/+0 trident (14)]
 10390 | Volcano  | Reached skill level 13 in Fighting
 10660 | Volcano  | Noticed an orc knight
 10680 | Volcano  | Killed an orc knight
 10692 | Volcano  | HP: 19/107 [molten gargoyle/+0 mace (10)]
 10694 | Volcano  | Killed from afar by a molten gargoyle

Vanquished Creatures
  Pikel (D:6)
  An orc knight (Volcano)
  An ugly thing (D:6)
  A salamander (Volcano)
  Maurice (D:9)
  A molten gargoyle (Volcano)
  4 gargoyles
  A kobold demonologist (D:10)
  A rime drake (D:8)
  A troll (D:10)
  A polar bear (D:8)
  A hornet (D:10)
  Sigmund (D:6)
  A shadow (D:6)
  A human (D:10)
  2 steam dragons
  2 water moccasins
  An acid dragon (D:10)
  Duvessa (D:5)
  A swamp drake (D:7)
  4 orc warriors
  3 black bears
  3 ice beasts
  5 centaurs
  An ogre (D:5)
  3 wolves (D:8)
  A phantom (D:6)
  3 kobold brigands (D:9)
  8 bullfrogs
  2 gnoll sergeants (D:9)
  3 scorpions
  8 wights
  Dowan (D:5)
  2 electric eels (D:7)
  A quasit (D:7)
  8 hounds
  2 gnoll boudas
  3 jellies
  Crazy Yiuf (D:4)
  9 orc priests
  2 sleepcaps
  3 iguanas (D:5)
  8 orc wizards
  Terence (D:3)
  8 adders
  13 gnolls
  A river rat (D:7)
  A shadow imp (D:7)
  3 white imps
  6 ufetubi
  2 dart slugs (D:2)
  29 orcs
  8 ball pythons
  7 endoplasms
  5 giant cockroaches
  8 goblins
  6 hobgoblins
  7 jackals
  3 quokkas
  6 bats
  6 frilled lizards
  26 kobolds
  2 rats
257 creatures vanquished.

Vanquished Creatures (collateral kills)
  A kobold brigand (D:10)
  A gnoll (D:9)
  2 orcs (D:10)
  A kobold (D:10)
5 creatures vanquished.

Vanquished Creatures (others)
  A human (D:4)
  A gnoll (D:7)
  3 demonic plants (D:7)
  3 fungi (D:3)
  25 plants
33 creatures vanquished.

Grand Total: 295 creatures vanquished

Table legend:
 A = Non-vault XP
 B = Vault XP
 C = Vault XP percentage of total XP
 D = Non-vault monster count
 E = Vault monster count
 F = Vault count percentage of total count
                 A         B        C        D         E       F
            +---------+---------+-------+---------+---------+-------
      Total |    7995 |    7331 |  47.8 |     207 |      55 |  21.0
            +---------+---------+-------+---------+---------+-------
        D:1 |      29 |       2 |   6.5 |      18 |       1 |   5.3
        D:2 |      59 |       0 |   0.0 |      26 |       0 |   0.0
        D:3 |     124 |      32 |  20.5 |      19 |       1 |   5.0
        D:4 |     245 |      78 |  24.1 |      14 |       3 |  17.6
        D:5 |     752 |     482 |  39.1 |      14 |      11 |  44.0
        D:6 |     966 |    1577 |  62.0 |      11 |       4 |  26.7
        D:7 |    1227 |     100 |   7.5 |      24 |       7 |  22.6
        D:8 |    1144 |    1026 |  47.3 |      23 |       5 |  17.9
        D:9 |    1066 |     462 |  30.2 |      40 |       1 |   2.4
       D:10 |    2224 |     702 |  24.0 |      17 |      16 |  48.5
     Lair:1 |     159 |       0 |   0.0 |       1 |       0 |   0.0
    Volcano |       0 |    2870 | 100.0 |       0 |       6 | 100.0
            +---------+---------+-------+---------+---------+-------

Illustrated notes

Table legend:
 A = Kills in this place as a percentage of kills in the entire game.
 B = Kills by you in this place as a percentage of kills by you in the entire game.
 C = Kills by friends in this place as a percentage of kills by friends in the entire game.
 D = Other kills in this place as a percentage of other kills in the entire game.
 E = Experience gained in this place as a percentage of experience gained in the entire game.
 F = Experience gained in this place divided by the number of levels of this place that you have seen.
                   A       B       C       D       E      F
               +-------+-------+-------+-------+-------+----------------------
         Total | 100.0 | 100.0 | 100.0 |   N/A | 100.0 | 1178.9
       Dungeon |  97.3 |  97.3 | 100.0 |   N/A |  80.2 | 1229.7
          Lair |   0.4 |   0.4 |   0.0 |   N/A |   1.0 | 159.0
       Volcano |   2.3 |   2.3 |   0.0 |   N/A |  18.7 | 2870.0
               +-------+-------+-------+-------+-------+----------------------

Table legend: (Time is in decaauts)
 A = Elapsed time spent in this place.
 B = Non-inter-level travel time spent in this place.
 C = Inter-level travel time spent in this place.
 D = Time resting spent in this place.
 E = Time spent auto-exploring this place.
 F = Levels seen in this place.
 G = Mean time per level.
                   A        B        C        D        E       F      G
               +--------+--------+--------+--------+--------+-----+--------+
         Total |  10486 |  10009 |    477 |   1230 |   7425 |  13 |  806.6 |
       Dungeon |   9766 |   9330 |    436 |    965 |   7151 |  10 |  976.6 |
        Temple |    244 |    204 |     40 |      0 |    192 |   1 |  244.0 |
          Lair |     70 |     70 |      0 |      0 |      0 |   1 |   70.0 |
       Volcano |    405 |    405 |      0 |    264 |     82 |   1 |  405.0 |
               +--------+--------+--------+--------+--------+-----+--------+

Top non-repeatable levels by time:
     D:7: 1749 daAuts
     D:6: 1397 daAuts
     D:8: 1156 daAuts
     D:4: 978 daAuts
     D:5: 971 daAuts
    D:10: 946 daAuts
     D:9: 921 daAuts
     D:3: 720 daAuts
     D:1: 467 daAuts
     D:2: 458 daAuts
 Volcano: 405 daAuts
  Temple: 244 daAuts
  Lair:1: 70 daAuts
